 Dungeon Crawl Stone Soup version 0.20.0-15-g7f486f2 (webtiles) character file.

3195 4thArraOfDagon the Cleaver (level 9, -4/79 HPs)
             Began as a Hill Orc Fighter on June 10, 2017.
             Was a Believer of Yredelemnul.
             Slain by a troll (12 damage)
             ... on level 9 of the Dungeon.
             The game lasted 00:17:46 (4023 turns).

4thArraOfDagon the Cleaver (Hill Orc Fighter)       Turns: 4023, Time: 00:17:47

Health: -4/79      AC: 18    Str: 21    XL:     9   Next: 96%
Magic:  12/12      EV:  6    Int:  9    God:    Yredelemnul [**....]
Gold:   81         SH:  0    Dex: 12    Spells: 8/8 levels left

rFire    . . .     SeeInvis .   H - +2 battleaxe (freeze)
rCold    + . .     Gourm    .   (shield currently unavailable)
rNeg     . . .     Faith    .   q - +0 plate armour
rPois    .         Spirit   .   u - +0 helmet
rElec    .         Reflect  .   v - +0 cloak
rCorr    .         Harm     +   n - +1 pair of gloves
MR       .....                  (no boots)
Stlth    ..........             C - amulet of harm
Regen    0.3/turn               i - +2 ring of dexterity
MPRegen  0.2/turn               d - ring of protection from cold

@: no status effects
A: no striking features
a: Animate Remains, Recall Undead Slaves, Injury Mirror, Renounce Religion


You were on level 9 of the Dungeon.
You worshipped Yredelemnul.
Yredelemnul was pleased with you.
You were not hungry.

You visited 1 branch of the dungeon, and saw 10 of its levels.

You collected 404 gold pieces.
You spent 323 gold pieces at shops.

Inventory:

Hand Weapons
 a - a +0 war axe
 H - a +2 battleaxe of freezing (weapon)
Armour
 b - a +0 scale mail
 c - a +0 shield
 n - a +1 pair of gloves (worn)
 q - a +0 plate armour (worn)
 u - a +0 helmet (worn)
 v - a +0 cloak (worn)
Magical Staves
 K - an uncursed staff of fire {unknown}
Jewellery
 d - a ring of protection from cold (right hand)
 f - an uncursed ring of loudness
 h - an uncursed ring of ice
 i - a +2 ring of dexterity (left hand)
 C - an amulet of harm (around neck)
Wands
 k - a wand of acid (0/15)
 N - a wand of confusion (26/48)
Scrolls
 m - 3 scrolls of remove curse
 t - a scroll of fear
 w - 2 scrolls of recharging {unknown}
 x - 5 scrolls of teleportation
 y - 3 scrolls of enchant armour
 A - 3 scrolls of fog {unknown}
 B - a scroll of enchant weapon {unknown}
 G - a scroll of blinking {unknown}
 L - a scroll of immolation {unknown}
 M - a scroll of identify
 O - a scroll of noise {unknown}
Potions
 e - a potion of resistance
 o - 2 potions of cancellation
 p - 2 potions of curing
 r - a potion of might
 s - 3 potions of mutation
 z - 2 potions of agility {unknown}
 D - a potion of lignification {unknown}
 F - a potion of brilliance
Comestibles
 g - 2 royal jellies
 j - 3 meat rations
 l - 3 fruits


   Skills:
 - Level 7.3 Fighting
 * Level 13.1 Axes
 - Level 7.3 Armour
 - Level 3.2 Shields
 - Level 5.2 Invocations


You had 8 spell levels left.
You didn't know any spells.

Dungeon Overview and Level Annotations

Branches:
Dungeon (10/15)
 Temple: D:4-7         Lair: D:8-11         Orc: D:9-12

Altars:
Ashenzari
Dithmenos
Elyvilon
Hepliaklqana
Makhleb
Nemelex Xobeh
Qazlal
Sif Muna
Uskayaw
Vehumet
Yredelemnul

Shops:
D:6 (   D:7 (   D:8 :

Annotations:
D:2 Sigmund
D:4 skittles's ghost, amateur DrFE
D:6 skittles's ghost, novice DrFE


Message History

The troll bites you!
* * * LOW HITPOINT WARNING * * *
The troll claws you.
* * * LOW HITPOINT WARNING * * *
The troll claws you!
* * * LOW HITPOINT WARNING * * *
Unknown command.
Okay, then.
Evoke which item? (* to show all) (? for menu, Esc to quit)
Okay, then.
Unknown command.
Evoke which item? (* to show all) (? for menu, Esc to quit)
Aiming: Confuse (will waste charges)
Press: ? - help, Shift-Dir - straight line, f/p - troll
Aim: a troll (lightly wounded, chance to defeat MR: 46%)
The troll resists with some effort.
Evoking this partially-identified wand wasted a few charges.
The troll bites you!
You die...
Your body rises from the dead as a mindless zombie.

# .. #.#...#.......#
.########.#...#.......#
..........#...#.......#
..........#...#.......#
..........#...#.......#
..........#...'.###...#
..........#'###.# ...#
#######T........# ...#
#@........# ..#
#.........# .#
#.........# ###########


You could see a troll.

Vanquished Creatures
  A two-headed ogre (D:9)
  2 hippogriffs
  2 wyverns (D:8)
  A hungry ghost (D:8)
  2 black bears
  2 phantoms (D:5)
  2 ice beasts
  An ogre (D:8)
  A centaur (D:8)
  3 bullfrogs
  3 wights (D:9)
  4 crimson imps
  A jelly (D:9)
  3 orc priests (D:6)
  A hound (D:7)
  5 orc wizards
  A centaur skeleton (D:8)
  2 iguanas
  2 worker ants
  A hound skeleton (D:6)
  2 worker ant zombies
  3 gnolls (D:7)
  5 adders
  A shadow imp (D:7)
  A worm (D:2)
  2 dart slugs
  A leopard gecko (D:3)
  20 orcs
  A giant cockroach (D:4)
  6 goblins
  2 hobgoblins
  11 jackals
  A quokka (D:2)
  2 ball pythons
  2 frilled lizards
  3 kobolds (D:3)
  A leopard gecko skeleton (D:5)
  A quokka skeleton (D:6)
  A quokka zombie (D:9)
  2 rats
108 creatures vanquished.

Notes
Turn   | Place    | Note
-------+----------+-------------------------------------------
     0 | D:1      | 4thArraOfDagon the Hill Orc Fighter began the quest for the Orb.
     0 | D:1      | Reached XP level 1. HP: 19/19 MP: 1/1
   161 | D:2      | Reached skill level 3 in Axes
   175 | D:2      | Reached XP level 2. HP: 25/27 MP: 2/2
   187 | D:2      | Found a shattered altar of Ashenzari.
   242 | D:2      | Noticed Sigmund
   316 | D:4      | Reached XP level 3. HP: 17/33 MP: 3/3
   329 | D:4      | Noticed skittles's ghost (amateur DrFE)
   350 | D:4      | Reached skill level 4 in Axes
   369 | D:5      | Entered Level 5 of the Dungeon
   402 | D:5      | Noticed an ice beast
   459 | D:6      | Noticed skittles's ghost (novice DrFE)
   505 | D:5      | Noticed a hippogriff
   574 | D:5      | murphy: hi
   578 | D:5      | Reached XP level 4. HP: 35/41 MP: 4/4
   586 | D:5      | murphy: trying to speedrun
   607 | D:5      | murphy: but i struggle
   640 | D:5      | murphy: maybe i see your skills for a sec?
   669 | D:5      | Reached skill level 5 in Axes
   669 | D:5      | Reached XP level 5. HP: 39/47 MP: 5/5
   679 | D:5      | Noticed a phantom
   699 | D:5      | murphy: ok thx
   734 | D:4      | murphy: i saw what i wanted
   852 | D:5      | 4thArraOfDagon: hi
   861 | D:5      | armaa: Hola
   920 | D:7      | murphy: kuniqs got the last banner for us
   943 | D:7      | murphy: :D
   947 | D:7      | Reached skill level 5 in Fighting
   995 | D:6      | Found Qekes's Weapon Shoppe.
  1078 | D:7      | Reached XP level 6. HP: 22/56 MP: 6/6
  1323 | D:7      | Reached skill level 6 in Axes
  1357 | D:7      | Noticed a phantom
  1400 | D:8      | 4thArraOfDagon: great :)
  1431 | D:8      | Found Nigaah's Book Shoppe.
  1439 | D:8      | Found a deep blue altar of Sif Muna.
  1442 | D:8      | Found a white marble altar of Elyvilon.
  1444 | D:8      | Found a hazy altar of Hepliaklqana.
  1444 | D:8      | Found a stormy altar of Qazlal.
  1444 | D:8      | Found a shadowy altar of Dithmenos.
  1444 | D:8      | Found a basalt altar of Yredelemnul.
  1446 | D:8      | Found a sparkling altar of Nemelex Xobeh.
  1448 | D:8      | Found a hide-covered altar of Uskayaw.
  1449 | D:8      | Found a radiant altar of Vehumet.
  1454 | D:8      | 4thArraOfDagon: which god
  1454 | D:8      | 4thArraOfDagon: yred or qaaz?
  1456 | D:8      | Became a worshipper of Yredelemnul the Dark
  1502 | D:8      | Noticed a wyvern
  1505 | D:8      | Killed a wyvern
  1505 | D:8      | Reached skill level 1 in Invocations
  1505 | D:8      | Reached XP level 7. HP: 59/61 MP: 6/8
  1526 | D:8      | Noticed a wyvern
  1538 | D:8      | Killed a wyvern
  1538 | D:8      | Reached skill level 7 in Axes
  1538 | D:8      | Reached skill level 5 in Armour
  1634 | D:8      | Reached skill level 8 in Axes
  1705 | D:8      | Reached XP level 8. HP: 54/70 MP: 10/10
  1744 | D:9      | Noticed a two-headed ogre
  1815 | D:7      | Found Leinusk's Antique Weapon Shop.
  1963 | D:6      | Found a shadowy altar of Dithmenos.
  2238 | D:5      | Reached skill level 9 in Axes
  2366 | D:5      | Killed a hippogriff
  2380 | D:5      | Reached * piety under Yredelemnul
  2424 | D:5      | Reached skill level 5 in Invocations
  2424 | D:5      | Reached XP level 9. HP: 60/79 MP: 12/12
  2855 | D:2      | Reached skill level 10 in Axes
  3493 | D:7      | Bought a runed battleaxe for 323 gold pieces
  3522 | D:8      | Found a burning altar of Makhleb.
  3623 | D:8      | murphy: inst' this run already too slow?
  3665 | D:9      | murphy: 3.7k turns to d7
  3810 | D:9      | Reached skill level 11 in Axes
  3811 | D:9      | Reached ** piety under Yredelemnul
  3905 | D:10     | Entered Level 10 of the Dungeon
  3973 | D:9      | Killed a two-headed ogre
  3973 | D:9      | Reached skill level 13 in Axes
  3985 | D:9      | Noticed a troll
  4023 | D:9      | Slain by a troll

Skill      XL: |  1  2  3  4  5  6  7  8  9 |
---------------+----------------------------+-----
Axes           | 3 4 5 6 8 9 13 | 13.1
Fighting       | 4 5 6 7 |  7.3
Armour         | 4 5 6 7 |  7.3
Invocations    | 1 3 5 |  5.2
Shields        | |  3.2

Action                   |  1- 3 |  4- 6 |  7- 9 || total
-------------------------+-------+-------+-------++-------
Melee: War axe           |    60 |    71 |   197 ||   328
       Battleaxe         |       |       |    84 ||    84
Throw: Throwing net      |       |       |     3 ||     3
Evoke: Wand              |       |     3 |     3 ||     6
  Use: Scroll            |     8 |     3 |     4 ||    15
       Potion            |     1 |     2 |     1 ||     4
 Stab: Held in net/web   |       |       |     1 ||     1
  Eat: Chunk             |       |     2 |     7 ||     9
       Bread ration      |       |       |     2 ||     2
Armor: Scale mail        |    13 |       |       ||    13
       Plate armour      |    28 |    76 |   219 ||   323
Dodge: Dodged            |    22 |    16 |    77 ||   115
Block: Shield            |    21 |       |       ||    21
